 Dungeon Crawl Stone Soup version 0.16-a0-3250-g88dccf0 (webtiles) character file.

96 GlassGo the Changer (level 4, 0/28 HPs)
             Began as an Octopode Transmuter on Dec 22, 2014.
             Succumbed to a kobold's poison
             ... on level 3 of the Dungeon.
             The game lasted 00:15:54 (3486 turns).

GlassGo the Changer (Octopode Transmuter)           Turns: 3486, Time: 00:15:55

Health: 0/28       AC:  1    Str:  9    XL:     4   Next: 67%
Magic:  7/7        EV: 12    Int: 15    God:
Gold:   56         SH:  0    Dex: 13    Spells: 2 memorised, 3 levels left

rFire  . . .     SeeInvis .       - Unarmed
rCold  . . .     Clarity  .     (no shield)
rNeg   . . .     SustAb   .     (helmet restricted)
rPois  .         Gourm    .     (no amulet)
rElec  .         Spirit   .     (no ring)
rCorr  .         Warding  .     (no ring)
rMut   .         Stasis   .     (no ring)
MR     .....                    (no ring)
Stlth  ++........               (no ring)
                                (no ring)
                                (no ring)
                                (no ring)

@: lethally poisoned, not resistant to hostile enchantments, unstealthy
A: almost no armour, amphibious, 8 rings, constrict 8, camouflage 1, gelatinous
body 1
a: no special abilities


You were on level 3 of the Dungeon.
You were very hungry.

You visited 1 branch of the dungeon, and saw 3 of its levels.

You collected 56 gold pieces.

Inventory:

Hand weapons
 m - a cursed -1 hand axe
 n - a +0 greatsling
Missiles
 b - 35 arrows
 e - 53 stones
 g - 20 tomahawks (quivered)
Scrolls
 c - 4 scrolls of identify {unknown}
 f - a scroll of teleportation {unknown}
 h - a scroll of noise {unknown}
 i - 2 scrolls of enchant armour {unknown}
 l - a scroll of fog {unknown}
 o - a scroll of random uselessness {unknown}
Books
 d - a book of Changes

   Spells                             Type                      Level
   a - Beastly Appendage              Transmutation                1
   b - Sticks to Snakes               Transmutation                2
   c - Spider Form                    Transmutation/Poison         3
   d - Ice Form                       Ice/Transmutation            4
   e - Blade Hands                    Transmutation                5
Comestibles
 a - 5 bread rations
 j - 4 fruits
 k - a meat ration


   Skills:
 - Level 1.0 Fighting
 - Level 2.0 Dodging
 - Level 3.0 Unarmed Combat
 - Level 2.0 Spellcasting
 - Level 4.1 Transmutations
 * Level 2.4 Poison Magic


You had 3 spell levels left.
You knew the following spells:

 Your Spells              Type           Power        Failure   Level  Hunger
a - Beastly Appendage     Trmt           ##....       4%          1    #......
b - Spider Form           Trmt/Pois      ##........   21%         3    ###....


Dungeon Overview and Level Annotations

Branches:
Dungeon (3/15)

Altars:
Fedhas
Kikubaaqudgha
Sif Muna


Innate Abilities, Weirdness & Mutations

You cannot wear most types of armour.
You are amphibious.
You can wear up to eight rings at the same time.
You can use your tentacles to constrict many enemies at once.
Your skin changes colour to match your surroundings (Stealth).
Your rubbery body absorbs attacks (AC +1).


Message History

You feel sick.
* * * LOW HITPOINT WARNING * * *
You feel sick.
* * * LOW HITPOINT WARNING * * *
You feel sick.
* * * LOW HITPOINT WARNING * * *
You feel sick.
* * * LOW HITPOINT WARNING * * *
You feel sick.
* * * LOW HITPOINT WARNING * * *
You feel sick.
* * * LOW HITPOINT WARNING * * *
You feel sick.
* * * LOW HITPOINT WARNING * * *
You feel sick.
* * * LOW HITPOINT WARNING * * *
You feel sick.
* * * LOW HITPOINT WARNING * * *
You feel sick.
You die...

##########.#
.<...........
......#.## #####.#.#
#.#.## .
##....#..############
#............@......#
###.....#############.#
#......## #.# #)#..###
#.# #.#..# #.# #.#..#
#.# ##.#..# #.# ......#
#.# ##.#.## #.#


There were no monsters in sight!

Vanquished Creatures
  4 adders
  A giant mite (D:3)
  An adder zombie (D:1)
  An ooze (D:1)
  9 bats
  3 giant cockroaches
  5 goblins
  4 hobgoblins
  7 kobolds
  2 quokkas
  A giant gecko zombie (D:1)
  3 giant newts
  9 rats
50 creatures vanquished.

Notes
Turn   | Place    | Note
--------------------------------------------------------------
     0 | D:1      | GlassGo, the Octopode Transmuter, began the quest for the Orb.
     0 | D:1      | Reached XP level 1. HP: 13/13 MP: 3/3
   412 | D:1      | Reached XP level 2. HP: 16/18 MP: 4/4
  1012 | D:1      | Reached XP level 3. HP: 12/23 MP: 4/6
  1906 | D:2      | Found a deep blue altar of Sif Muna.
  1987 | D:2      | Reached skill level 4 in Transmutations
  1992 | D:2      | Learned a level 3 spell: Spider Form
  1998 | D:2      | Reached XP level 4. HP: 25/28 MP: 7/7
  2603 | D:3      | Reached skill level 1 in Poison Magic
  2823 | D:3      | Found an ancient bone altar of Kikubaaqudgha.
  2825 | D:3      | Found a blossoming altar of Fedhas.
  2972 | D:3      | HP: 1/28 [poisoned by an adder]
  3483 | D:3      | HP: 1/28 [poisoned by a kobold]
  3486 | D:3      | Succumbed to a kobold's poison

Action                   |  1- 3 |  4- 6 || total
-------------------------+-------+-------++-------
Melee: Unarmed           |    80 |    37 ||   117
Throw: Stone             |     3 |       ||     3
 Cast: Beastly Appendage |    12 |     4 ||    16
  Use: Potion            |       |     1 ||     1
 Stab: Sleeping          |     6 |     3 ||     9
  Eat: Chunk             |     4 |     3 ||     7
